Map: Dusk Towers

Players

absolution - Winner!

  • Race: Protoss Protoss
  • League: Platinum

LilDicky

  • Race: Protoss Protoss
  • League: Diamond

VOD

http://www.twitch.tv/tumescentpie

Description

Time

  • Played on: Jan. 4, 2016, 2:36 a.m.
  • Length: 3:11
Show
View Real Time Build Order
Export as new Build Order

absolution Protoss - Winner!

Build Orders:  

Get SALT Encoding   

  12  0:01  Probe (Chrono Boost)  
  13  0:11  Probe (Chrono Boost)  
  14  0:17  Pylon  
  14  0:22  Probe (Chrono Boost)  
  15  0:36  Probe (Chrono Boost)  
  15  0:38  Gateway  
  16  0:46  Assimilator  
  16  0:49  Probe (Chrono Boost)  
  17  1:00  Probe (Chrono Boost)  
  18  1:06  Assimilator  
  18  1:10  Probe (Chrono Boost)  
  19  1:19  Gateway  
  19  1:25  Probe (Chrono Boost)  
  20  1:31  Cybernetics Core  
  20  1:42  Zealot  
  22  2:18  Pylon  
  22  2:29  Pylon  
  22  2:36  Stalker x2  
  26  2:38  Mothership Core (Chrono Boost)  
  28  2:57  Probe  
  29  3:02  Pylon  
Show
View Real Time Build Order
Export as new Build Order

LilDicky Protoss 

Build Orders:  

Get SALT Encoding   

  12  0:01  Probe (Chrono Boost)  
  13  0:12  Probe (Chrono Boost)  
  14  0:28  Pylon  
  14  0:31  Probe (Chrono Boost)  
  15  0:46  Probe (Chrono Boost), Forge  
  17  0:57  Probe (Chrono Boost)  
  17  1:07  Probe (Chrono Boost)  
  18  1:18  Probe (Chrono Boost)  
  19  1:35  Pylon  
  19  1:37  Pylon  
  19  1:40  Pylon  
  19  1:59  Photon Cannon  
  19  2:03  Photon Cannon  
  19  2:07  Pylon  
  18  2:17  Probe (Chrono Boost)  
  19  2:28  Photon Cannon  
  19  2:31  Gateway, Photon Cannon  
  19  2:37  Probe (Chrono Boost)  
  20  2:48  Probe (Chrono Boost)  
  21  2:57  Gateway  
  21  3:00  Assimilator  
Tags
 
Add a new tag
Caveats
  • Supply blocks, unpowered buildings, or Contaminate may cause inaccurate times.
  • Supply counts are checked every 10 seconds.